Map: Abiogenesis LE

Players

BigBadBob

  • Race: Zerg Zerg
  • Spawn Location: 5:00

Earendil - Winner!

  • Race: Terran Terran
  • Spawn Location: 11:00

VOD

Have the link to the VOD?

Description

Time

  • Played on: May 15, 2018, 1:50 p.m.
  • Length: 7:06
Show
View Real Time Build Order
Export as new Build Order

BigBadBob Zerg 

Build Orders: Hatch First 

Get SALT Encoding   

  12  0:01  Drone  
  13  0:13  Overlord  
  13  0:17  Drone  
  14  0:31  Drone x2  
  14  0:35  Drone  
  17  0:54  Hatchery  
  16  0:59  Drone  
  16  1:00  Drone  
  18  1:12  Extractor  
  18  1:15  Spawning Pool  
  18  1:17  Drone  
  17  1:23  Drone  
  18  1:29  Drone  
  19  1:39  Overlord  
  19  1:50  Drone  
  20  2:04  Queen  
  20  2:07  Queen  
  20  2:08  Zergling x4  
  26  2:14  Drone  
  26  2:15  Metabolic Boost  
  27  2:21  Drone  
  28  2:27  Drone  
  29  2:34  Drone x2  
  31  2:41  Drone  
  31  2:49  Drone  
  32  2:56  Overlord  
  32  2:58  Drone  
  33  3:01  Hatchery  
  33  3:02  Queen  
  34  3:09  Drone  
  35  3:14  Drone x2  
  35  3:18  Drone x2  
  35  3:19  Drone x2  
  41  3:22  Overlord  
  41  3:30  Drone  
  42  3:43  Zergling x6  
  42  3:46  Queen  
  42  3:47  Overlord  
  42  3:48  Drone x2  
  49  3:57  Zergling x4  
  49  4:02  Queen  
  45  4:14  Zergling x4, Drone x2  
  45  4:15  Drone x2  
  50  4:20  Queen  
  50  4:21  Queen, Drone  
  55  4:26  Drone x4  
  59  4:33  Overlord  
  59  4:39  Evolution Chamber x2, Drone x2  
  59  4:52  Drone x2  
  61  4:53  Drone x4  
  65  5:00  Drone x4  
  65  5:04  Drone x2  
  65  5:05  Zerg Melee Weapons Level 1  
  68  5:14  Lair  
  68  5:15  Drone x2  
  70  5:22  Extractor  
  70  5:23  Extractor  
  70  5:24  Extractor  
  70  5:25  Zergling x8  
  70  5:26  Zergling x4  
  71  5:43  Zergling x4  
  71  5:46  Zergling x2  
  62  6:00  Zergling x2  
  62  6:01  Zergling x16  
  62  6:03  Queen x2  
  68  6:12  Queen  
  68  6:13  Zergling x8  
  72  6:22  Drone x2  
  68  6:32  Zergling x8  
  67  6:39  Zergling x4  
  68  6:45  Zergling x2  
  68  6:46  Zergling x4  
Show
View Real Time Build Order
Export as new Build Order

Earendil Terran - Winner!

Build Orders: Hellion Opening, Reaper Expand 

Get SALT Encoding   

  12  0:00  SCV  
  13  0:13  SCV  
  14  0:16  Refinery  
  14  0:24  Supply Depot  
  14  0:29  SCV  
  15  0:46  SCV  
  15  0:48  Barracks  
  16  0:58  SCV  
  17  1:10  SCV  
  18  1:22  SCV  
  19  1:35  Reaper  
  19  1:38  Factory  
  20  1:40  Orbital Command  
  20  2:06  Command Center  
  20  2:13  SCV  
  20  2:15  Barracks Reactor  
  21  2:23  Supply Depot  
  21  2:25  Hellion  
  23  2:45  SCV  
  23  2:48  Starport  
  23  2:57  SCV  
  26  2:58  Hellion  
  26  2:59  Refinery, Hellion, Barracks Tech Lab  
  28  3:08  Barracks  
  28  3:10  SCV  
  31  3:20  Hellion  
  31  3:21  Hellion  
  31  3:26  Stimpack  
  33  3:34  Orbital Command  
  33  3:37  SCV  
  34  3:46  Hellion  
  34  3:48  Hellion  
  38  3:50  Starport Reactor  
  38  3:53  Marine  
  38  3:55  SCV  
  34  4:14  Hellion x2, Marine, Barracks Reactor  
  34  4:15  SCV  
  36  4:27  SCV  
  36  4:29  Armory  
  37  4:32  Marine  
  38  4:39  Hellion x2  
  38  4:40  Medivac  
  44  4:45  Supply Depot  
  44  4:48  Medivac  
  46  4:53  Supply Depot  
  46  5:07  SCV x2, Marine x3  
  46  5:09  Supply Depot  
  51  5:19  SCV x2  
  51  5:20  Medivac x2  
  57  5:24  Hellion x2  
  61  5:31  SCV  
  62  5:56  SCV x2  
  60  5:58  Marine x3  
  60  5:59  Hellion x2  
  61  6:12  Medivac x2  
  61  6:26  Marine  
  61  6:27  Marine x2  
  61  6:28  SCV x2  
  61  6:32  Command Center  
  65  6:33  Barracks  
  65  6:40  SCV x2  
  65  6:43  Hellion  
  65  6:44  Marine  
Tags
 
Add a new tag
Caveats
  • Supply blocks, unpowered buildings, or Contaminate may cause inaccurate times.
  • Supply counts are checked every 10 seconds.